Gangsters vs Senators
Created - April 23, 2018 at 19:53
Goals
|
| Gangsters |
4 |
1 |
3 |
8 |
| Senators |
2 |
2 |
3 |
7 |
|
Shots
|
| Gangsters |
13 |
9 |
12 |
34 |
| Senators |
9 |
11 |
14 |
34 |
|
1st period
1. Gangsters , Richard Panik 27 (Patrik Nemeth 30) at 4:08
2. Gangsters , Dave Dziurzynski 27 (Maxime Sauvé 55, Brendan Woods 21) at 5:21
3. Gangsters , Magnus Paajarvi-Svensson 31 (Richard Panik 37, Patrik Nemeth 31) at 8:54 (PP)
4. Senators , Gabriel Bourque 43 (Chris Thorburn 54, Ian Cole 49) at 12:04
5. Gangsters , Devante Smith-Pelly 22 (Dave Dziurzynski 20, Maxime Sauvé 56) at 15:40
6. Senators , Tomas Jurco 13 (Phil Di Giuseppe 3, Matt Frattin 33) at 19:39
Penalties :
Patrick Bordeleau (BIN) for Roughing (Minor) at 6:59
2nd period
7. Senators , Gabriel Bourque 44 (Arturs Kulda 10, Ian Cole 50) at 1:04 (PP)
8. Senators , Matt Frattin 28 (Tommy Wingels 33, Patrick Bordeleau 19) at 6:01
9. Gangsters , Tomas Hertl 29 (Magnus Paajarvi-Svensson 41) at 16:45
Penalties :
Artem Anisimov (Bro) for Tripping (Minor) at 0:53, Dylan Blujus (BIN) for Elbowing (Minor) at 2:07, Colten Teubert (Bro) for Hooking (Minor) at 13:51, Arturs Kulda (BIN) for Holding (Minor) at 19:08
3rd period
10. Gangsters , Chris Bourque 55 (Richard Panik 38, Patrik Nemeth 32) at 4:29 (PP)
11. Senators , Gabriel Bourque 45 (Jarrod Maidens 1) at 6:25 (PP)
12. Senators , Tommy Wingels 21 (Patrick Bordeleau 20, Matt Frattin 34) at 7:23
13. Gangsters , Magnus Paajarvi-Svensson 32 (Patrik Nemeth 33, Dave Dziurzynski 21) at 8:11
14. Senators , Arturs Kulda 3 (Gabriel Bourque 53, Jarrod Maidens 2) at 10:26 (PP)
15. Gangsters , Devante Smith-Pelly 23 (Colten Teubert 29, Dave Dziurzynski 22) at 19:38
Penalties :
Patrick Bordeleau (BIN) for Roughing (Minor) at 3:44, Michael Sdao (Bro) for Close Hand On Puck (Minor) at 6:23, Jonas Brodin (Bro) for Hooking (Minor) at 10:19, Jarrod Maidens (BIN) for Roughing (Minor) at 11:10, Seth Griffith (Bro) for Hooking (Minor) at 16:23, Gabriel Bourque (BIN) for Tripping (Minor) at 16:42
Goalie Stats
Dustin Tokarski (Bro), 27 saves from 34 shots - (0.794), W, 28-20-2, 60:00 minutes
Brad Thiessen (BIN), 17 saves from 21 shots - (0.810), L, 34-21-3, 44:02 minutes
Matt Tomkins (BIN), 9 saves from 13 shots - (0.692), 15:40 minutes
Players Stats for Gangsters
Player Name G A P +/- PIM S H SB GA TA FO MP PP MP PK MP
------------------------------------------------------------------------------------
Artem Anisimov 0 0 0 0 2 0 1 0 0 0 12/36 24:24 4:48 1:33
Brendan Woods 0 1 1 0 0 1 0 1 0 0 1/1 7:48 0:00 0:36
Chris Bourque 1 0 1 0 0 7 3 1 0 2 2/5 24:32 4:48 1:44
Colten Teubert 0 1 1 2 2 1 2 2 0 1 0/0 30:05 5:41 0:39
Dave Dziurzynski 1 3 4 2 0 3 2 0 0 0 0/0 16:53 3:41 0:00
Derrick Pouliot 0 0 0 1 0 0 1 0 1 0 0/0 10:42 0:00 1:13
Devante Smith-Pelly 2 0 2 2 0 7 2 0 1 0 0/0 16:53 3:41 0:00
Jonas Brodin 0 0 0 1 2 0 0 0 0 1 0/0 9:28 0:00 0:00
Magnus Paajarvi-Svensson 2 1 3 0 0 4 3 2 0 0 0/0 10:36 0:27 0:34
Maxime Sauvé 0 2 2 2 0 0 3 0 0 0 9/17 17:35 3:41 0:20
Michael Sdao 0 0 0 -1 2 0 2 4 0 0 0/0 19:15 3:15 0:46
Morgan Ellis 0 0 0 -1 0 0 0 1 0 0 0/0 19:16 3:15 0:46
Patrik Nemeth 0 4 4 2 0 2 2 1 0 1 0/0 31:15 5:41 1:52
Richard Panik 1 2 3 0 0 4 1 1 0 0 0/0 22:24 4:48 0:20
Sebastian Collberg 0 0 0 0 0 0 0 0 0 0 0/0 7:12 0:00 0:00
Seth Griffith 0 0 0 0 2 3 1 0 0 0 2/8 7:34 0:19 0:00
Stefan Noesen 0 0 0 0 0 0 1 0 0 0 0/0 9:28 0:08 0:00
Tomas Hertl 1 0 1 0 0 2 1 0 0 0 1/8 10:17 0:27 0:09
Players Stats for Senators
Player Name G A P +/- PIM S H SB GA TA FO MP PP MP PK MP
------------------------------------------------------------------------------------
Arturs Kulda 1 1 2 -2 2 6 5 2 0 0 0/0 30:11 1:58 4:04
Chandler Stephenson 0 0 0 0 0 0 0 0 0 0 0/0 0:37 0:00 0:02
Chris Thorburn 0 1 1 0 0 3 1 0 0 0 4/4 20:02 1:46 2:14
Dylan Blujus 0 0 0 1 2 2 0 2 0 0 0/0 11:24 0:00 1:28
Freddie Hamilton 0 0 0 0 0 0 0 0 0 0 0/0 0:46 0:00 0:00
Gabriel Bourque 3 1 4 0 2 7 3 0 1 1 2/3 22:50 1:45 4:51
Ian Cole 0 2 2 -1 0 3 4 2 1 0 0/0 28:04 1:58 5:32
Jarrod Maidens 0 2 2 0 2 0 2 0 0 0 19/34 19:35 1:46 0:58
Jeff Petry 0 0 0 -1 0 0 0 2 0 0 0/0 18:25 0:40 3:24
Keegan Lowe 0 0 0 -1 0 0 0 0 0 0 0/0 3:36 0:00 0:00
Logan Stephenson 0 0 0 -1 0 1 0 2 0 0 0/0 18:25 0:40 3:24
Marc-André Bernier 0 0 0 -2 0 1 2 0 1 1 1/1 9:25 0:00 0:00
Matt Frattin 1 2 3 -1 0 1 0 0 1 0 0/0 14:01 0:52 0:00
Olli Maatta 0 0 0 1 0 1 0 1 0 0 0/0 9:55 0:00 0:00
Patrick Bordeleau 0 2 2 -1 4 1 4 0 0 0 0/0 13:59 0:52 0:00
Phil Di Giuseppe 0 1 1 1 0 1 1 0 1 0 0/0 7:57 0:00 0:00
Ryan Dzingel 0 0 0 -2 0 1 0 1 0 0 0/0 11:41 0:00 1:40
Shane Prince 0 0 0 -2 0 0 1 0 0 0 5/6 9:25 0:00 0:00
Stephane Da Costa 0 0 0 0 0 0 0 0 0 0 6/10 5:57 0:00 5:30
Tomas Jurco 1 0 1 1 0 4 1 1 0 0 0/0 7:57 0:00 0:00
Tommy Wingels 1 1 2 -1 0 1 0 0 0 0 7/13 16:15 0:52 2:14
Zemgus Girgensons 0 0 0 1 0 1 1 0 0 0 4/4 8:51 0:00 0:23
3 Stars
1 - Gabriel Bourque (BIN)
2 - Dave Dziurzynski (Bro)
3 - Magnus Paajarvi-Svensson (Bro)
Power Play
Gangsters - 2 on 6 Attempt(s) - 33.33%
Senators - 3 on 5 Attempt(s) - 60.00%
Penalty Kill
Gangsters - 2 on 5 Attempt(s) - 40.00%
- Score 0 goal in Penalty Kill
Senators - 4 on 6 Attempt(s) - 66.67%
- Score 0 goal in Penalty Kill
Team Stat
Gangsters - Hits : 25 - Faceoff Wins : 27 - Blocked Shots : 13 - Penalty Minutes : 10
Senators - Hits : 25 - Faceoff Wins : 48 - Blocked Shots : 13 - Penalty Minutes : 12
Official
Referees : Dwyer Gord and Hasenfratz Mike
Linesman : Pierre Champoux and Tony Sericolo
Game Notes
Brad Thiessen enters game at 15:40 of 1st period
Gabriel Bourque has scored a Hat Trick!
Finance
Level 1 -- Attendance: 1461 (73.05%) -- Ticket Income $48,213
Level 2 -- Attendance: 682 (68.20%) -- Ticket Income $10,230
Total Attendance: 2143 (71.43%)
Total Ticket Income: $58,443
Other Income: $2,922
Total Income: $61,365
Gangsters
5 vs 5 Forward
Center Left Wing Right Wing Time % Phy DF OF
1 Artem Anisimov Chris Bourque Richard Panik 40 1 2 2
2 Maxime Sauvé Dave Dziurzynski Devante Smith-Pelly 30 1 2 2
3 Tomas Hertl Magnus Paajarvi-Svensson Stefan Noesen 20 1 2 2
4 Seth Griffith Brendan Woods Sebastian Collberg 10 1 2 2
5 vs 5 Defense
Defense Defense Time % Phy DF OF
1 Colten Teubert Patrik Nemeth 40 1 2 2
2 Michael Sdao Morgan Ellis 30 1 2 2
3 Jonas Brodin Derrick Pouliot 20 1 2 2
4 Colten Teubert Patrik Nemeth 10 1 2 2
PowerPlay Forward
Center Left Wing Right Wing Time % Phy DF OF
1 Artem Anisimov Chris Bourque Richard Panik 60 1 2 2
2 Maxime Sauvé Dave Dziurzynski Devante Smith-Pelly 40 1 2 2
PowerPlay Defense
Defense Defense Time % Phy DF OF
1 Colten Teubert Patrik Nemeth 60 1 2 2
2 Michael Sdao Morgan Ellis 40 1 2 2
Penalty Kill 4 Players Forward
Center Wing Time % Phy DF OF
1 Artem Anisimov Chris Bourque 60 1 2 2
2 Maxime Sauvé Richard Panik 40 1 2 2
Penalty Kill 4 Players Defense
Defense Defense Time % Phy DF OF
1 Colten Teubert Patrik Nemeth 60 1 2 2
2 Michael Sdao Morgan Ellis 40 1 2 2
Penalty Kill - 3 Players Forward
Forward Time % Phy DF OF
1 Artem Anisimov 60 1 2 2
2 Chris Bourque 40 1 2 2
Penalty Kill - 3 Players Defense
Defense Defense Time % Phy DF OF
1 Colten Teubert Patrik Nemeth 60 1 2 2
2 Michael Sdao Morgan Ellis 40 1 2 2
4 vs 4 Forward
Center Wing Time % Phy DF OF
1 Artem Anisimov Chris Bourque 60 1 2 2
2 Maxime Sauvé Richard Panik 40 1 2 2
4 vs 4 Defense
Defense Defense Time % Phy DF OF
1 Colten Teubert Patrik Nemeth 60 1 2 2
2 Michael Sdao Morgan Ellis 40 1 2 2
Last Minutes Offensive
Center Left Wing Right Wing Defense Defense
Artem Anisimov Chris Bourque Richard Panik Colten Teubert Patrik Nemeth
Last Minutes Defensive
Center Left Wing Right Wing Defense Defense
Artem Anisimov Chris Bourque Richard Panik Colten Teubert Patrik Nemeth
Goaltenders
Starting : Dustin Tokarski
Backup : Mike Condon
Extra Forwards
Normal : Tomas Hertl, Magnus Paajarvi-Svensson, Brendan Woods - PP : Tomas Hertl, Magnus Paajarvi-Svensson - PK : Brendan Woods
Extra Defensemen
Normal : Jonas Brodin, Derrick Pouliot, Michael Sdao - PP : Jonas Brodin - PK : Derrick Pouliot, Michael Sdao
Penalty Shots
Artem Anisimov, Chris Bourque, Maxime Sauvé, Richard Panik, Tomas Hertl
Scratches
Bryan Young (Healthy), Kevin Roy (Healthy), Brett Ponich (Healthy), Ryan Culkin (Healthy), Phillip Danault (Healthy)
Austen Brassard (Healthy), Gustav Nyquist (Torn Left Knee Ligaments Injury), Matt Delahey (Healthy), Jordan Binnington (Healthy)
Senators
5 vs 5 Forward
Center Left Wing Right Wing Time % Phy DF OF
1 Jarrod Maidens Gabriel Bourque Chris Thorburn 40 1 2 2
2 Tommy Wingels Patrick Bordeleau Matt Frattin 30 1 2 2
3 Shane Prince Ryan Dzingel Marc-André Bernier 20 1 2 2
4 Zemgus Girgensons Phil Di Giuseppe Tomas Jurco 10 1 2 2
5 vs 5 Defense
Defense Defense Time % Phy DF OF
1 Arturs Kulda Ian Cole 40 1 2 2
2 Logan Stephenson Jeff Petry 30 1 2 2
3 Olli Maatta Dylan Blujus 20 1 2 2
4 Keegan Lowe Arturs Kulda 10 1 2 2
PowerPlay Forward
Center Left Wing Right Wing Time % Phy DF OF
1 Jarrod Maidens Gabriel Bourque Chris Thorburn 60 1 2 2
2 Tommy Wingels Patrick Bordeleau Matt Frattin 40 1 2 2
PowerPlay Defense
Defense Defense Time % Phy DF OF
1 Arturs Kulda Ian Cole 60 1 2 2
2 Logan Stephenson Jeff Petry 40 1 2 2
Penalty Kill 4 Players Forward
Center Wing Time % Phy DF OF
1 Stephane Da Costa Gabriel Bourque 60 1 2 2
2 Chris Thorburn Tommy Wingels 40 1 2 2
Penalty Kill 4 Players Defense
Defense Defense Time % Phy DF OF
1 Arturs Kulda Ian Cole 60 1 2 2
2 Logan Stephenson Jeff Petry 40 1 2 2
Penalty Kill - 3 Players Forward
Forward Time % Phy DF OF
1 Stephane Da Costa 60 1 2 2
2 Gabriel Bourque 40 1 2 2
Penalty Kill - 3 Players Defense
Defense Defense Time % Phy DF OF
1 Arturs Kulda Ian Cole 60 1 2 2
2 Logan Stephenson Jeff Petry 40 1 2 2
4 vs 4 Forward
Center Wing Time % Phy DF OF
1 Jarrod Maidens Gabriel Bourque 60 1 2 2
2 Chris Thorburn Tommy Wingels 40 1 2 2
4 vs 4 Defense
Defense Defense Time % Phy DF OF
1 Arturs Kulda Ian Cole 60 1 2 2
2 Logan Stephenson Jeff Petry 40 1 2 2
Last Minutes Offensive
Center Left Wing Right Wing Defense Defense
Stephane Da Costa Gabriel Bourque Chris Thorburn Arturs Kulda Ian Cole
Last Minutes Defensive
Center Left Wing Right Wing Defense Defense
Stephane Da Costa Gabriel Bourque Chris Thorburn Arturs Kulda Ian Cole
Goaltenders
Starting : Matt Tomkins
Backup : Brad Thiessen
Extra Forwards
Normal : Freddie Hamilton, Chandler Stephenson, Jarrod Maidens - PP : Freddie Hamilton, Chandler Stephenson - PK : Jarrod Maidens
Extra Defensemen
Normal : Olli Maatta, Dylan Blujus, Keegan Lowe - PP : Olli Maatta - PK : Dylan Blujus, Keegan Lowe
Penalty Shots
Stephane Da Costa, Gabriel Bourque, Chris Thorburn, Tommy Wingels, Matt Frattin
Scratches
Shane Sims (Healthy), Matt Murray (Healthy), Ben Bishop (Healthy)
% Time on Ice - Gangsters
Lines # - Real PCT - Wanted PCT - Time Play
Normal Forward
1 - 36% - 40% - 16:41
2 - 28% - 30% - 13:12
3 - 20% - 20% - 9:20
4 - 16% - 10% - 7:12
Normal Defense
1 - 42% - 40% - 19:33
2 - 32% - 30% - 14:41
3 - 20% - 20% - 9:29
4 - 6% - 10% - 2:42
PP Forward
1 - 59% - 60% - 5:15
2 - 41% - 40% - 3:41
PP Defense
1 - 64% - 60% - 5:41
2 - 36% - 40% - 3:15
PK Forward
1 - 87% - 60% - 2:18
2 - 13% - 40% - 0:20
PK Defense
1 - 71% - 60% - 1:52
2 - 29% - 40% - 0:46
PK3 Forward
1 - 0% - 60%
2 - 0% - 40%
PK3 Defense
1 - 0% - 60%
2 - 0% - 40%
44 Forward
1 - 78% - 60% - 1:18
2 - 22% - 40% - 0:22
44 Defense
1 - 66% - 60% - 1:06
2 - 34% - 40% - 0:34
Last Minute Offensive - 0:00
Last Minute Defensive - 0:21
Total
Forward - 60:00
Defense - 60:00
|
% Time on Ice - Senators
Lines # - Real PCT - Wanted PCT - Time Play
Normal Forward
1 - 34% - 40% - 15:54
2 - 28% - 30% - 13:09
3 - 20% - 20% - 9:25
4 - 17% - 10% - 7:57
Normal Defense
1 - 41% - 40% - 19:08
2 - 30% - 30% - 13:46
3 - 21% - 20% - 9:55
4 - 8% - 10% - 3:36
PP Forward
1 - 67% - 60% - 1:46
2 - 33% - 40% - 0:52
PP Defense
1 - 75% - 60% - 1:58
2 - 25% - 40% - 0:40
PK Forward
1 - 75% - 60% - 6:42
2 - 25% - 40% - 2:14
PK Defense
1 - 62% - 60% - 5:32
2 - 38% - 40% - 3:24
PK3 Forward
1 - 0% - 60%
2 - 0% - 40%
PK3 Defense
1 - 0% - 60%
2 - 0% - 40%
44 Forward
1 - 100% - 60% - 1:40
2 - 0% - 40% - 0:00
44 Defense
1 - 65% - 60% - 1:05
2 - 35% - 40% - 0:35
Last Minute Offensive - 0:21
Last Minute Defensive - 0:00
Total
Forward - 60:00
Defense - 60:00
|
Play by Play
1st period
0:01 of 1st period - Jarrod Maidens wins face-off versus Artem Anisimov in neutral zone.
0:04 of 1st period - Colten Teubert is hit by Arturs Kulda and loses puck.
1:00 of 1st period - Slapshot by Logan Stephenson.
1:00 of 1st period - Shot Blocked by Magnus Paajarvi-Svensson.
1:02 of 1st period - Snap shot by Tomas Jurco.
1:02 of 1st period - Stopped by Dustin Tokarski without a rebound.
1:03 of 1st period - Shane Prince wins face-off versus Seth Griffith in Gangsters zone.
1:30 of 1st period - Olli Maatta is hit by Devante Smith-Pelly and loses puck.
1:39 of 1st period - Snap shot by Devante Smith-Pelly.
1:39 of 1st period - Stopped by Matt Tomkins with a rebound.
2:06 of 1st period - Icing by Chris Bourque.
2:07 of 1st period - Gabriel Bourque wins face-off versus Artem Anisimov in Gangsters zone.
2:17 of 1st period - Wrist shot by Colten Teubert.
2:17 of 1st period - Stopped by Matt Tomkins with a rebound.
3:22 of 1st period - Snap shot by Chris Bourque.
3:22 of 1st period - Shot Misses the Net.
3:24 of 1st period - Slapshot by Patrik Nemeth.
3:24 of 1st period - Stopped by Matt Tomkins with a rebound.
3:36 of 1st period - Snap shot by Chris Thorburn.
3:36 of 1st period - Shot Blocked by Patrik Nemeth.
3:54 of 1st period - Snap shot by Chris Thorburn.
3:54 of 1st period - Shot Misses the Net.
4:08 of 1st period - Wrist shot by Richard Panik.
4:08 of 1st period - Goal by Richard Panik - Gangsters : 1 - Senators : 0.
4:09 of 1st period - Maxime Sauvé wins face-off versus Tommy Wingels in neutral zone.
4:16 of 1st period - Wrist shot by Arturs Kulda.
4:16 of 1st period - Stopped by Dustin Tokarski with a rebound.
4:34 of 1st period - Arturs Kulda is hit by Tomas Hertl and loses puck.
5:21 of 1st period - Wrist shot by Dave Dziurzynski.
5:21 of 1st period - Goal by Dave Dziurzynski - Gangsters : 2 - Senators : 0.
5:22 of 1st period - Maxime Sauvé wins face-off versus Tommy Wingels in neutral zone.
5:48 of 1st period - Jonas Brodin is hit by Ian Cole and loses puck.
5:57 of 1st period - Slapshot by Tomas Jurco.
5:57 of 1st period - Deflect By Zemgus Girgensons.
5:57 of 1st period - Shot Misses the Net.
5:57 of 1st period - Puck is out of play.
5:58 of 1st period - Shane Prince wins face-off versus Tomas Hertl in Gangsters zone.
6:11 of 1st period - Snap shot by Tomas Hertl.
6:11 of 1st period - Shot Blocked by Ryan Dzingel.
6:13 of 1st period - Slapshot by Patrik Nemeth.
6:13 of 1st period - Shot Misses the Net.
6:43 of 1st period - Icing by Arturs Kulda.
6:44 of 1st period - Marc-André Bernier wins face-off versus Seth Griffith in Senators zone.
6:49 of 1st period - Slapshot by Arturs Kulda.
6:49 of 1st period - Shot Misses the Net.
6:56 of 1st period - Derrick Pouliot is hit by Ian Cole and loses puck.
6:59 of 1st period - Minor Penalty to Patrick Bordeleau for Roughing.
7:00 of 1st period - Gabriel Bourque wins face-off versus Artem Anisimov in Senators zone.
7:13 of 1st period - Snap shot by Richard Panik.
7:13 of 1st period - Shot Misses the Net.
8:54 of 1st period - Snap shot by Magnus Paajarvi-Svensson.
8:54 of 1st period - Goal by Magnus Paajarvi-Svensson - Gangsters : 3 - Senators : 0.
8:55 of 1st period - Tommy Wingels wins face-off versus Tomas Hertl in neutral zone.
8:57 of 1st period - Off-side.
8:58 of 1st period - Tommy Wingels wins face-off versus Tomas Hertl in neutral zone.
9:01 of 1st period - Slapshot by Ian Cole.
9:01 of 1st period - Stopped by Dustin Tokarski with a rebound.
9:03 of 1st period - Slapshot by Ian Cole.
9:03 of 1st period - Stopped by Dustin Tokarski without a rebound.
9:04 of 1st period - Tommy Wingels wins face-off versus Tomas Hertl in Gangsters zone.
9:13 of 1st period - Snap shot by Tommy Wingels.
9:13 of 1st period - Shot Blocked by Michael Sdao.
9:15 of 1st period - Slapshot by Ian Cole.
9:15 of 1st period - Deflect By Tommy Wingels.
9:15 of 1st period - Shot Misses the Net.
9:15 of 1st period - Puck is out of play.
9:16 of 1st period - Maxime Sauvé wins face-off versus Gabriel Bourque in Gangsters zone.
9:27 of 1st period - Slapshot by Maxime Sauvé.
9:27 of 1st period - Shot Blocked by Ian Cole.
9:41 of 1st period - Patrik Nemeth is hit by Arturs Kulda and loses puck.
9:52 of 1st period - Snap shot by Devante Smith-Pelly.
9:52 of 1st period - Stopped by Matt Tomkins with a rebound.
10:08 of 1st period - Wrist shot by Patrick Bordeleau.
10:08 of 1st period - Shot Blocked by Michael Sdao.
10:10 of 1st period - Snap shot by Patrick Bordeleau.
10:10 of 1st period - Shot Blocked by Michael Sdao.
10:12 of 1st period - Snap shot by Jeff Petry.
10:12 of 1st period - Deflect By Tommy Wingels.
10:12 of 1st period - Shot Misses the Net.
10:12 of 1st period - Puck is out of play.
10:13 of 1st period - Jarrod Maidens wins face-off versus Artem Anisimov in Gangsters zone.
10:16 of 1st period - Wrist shot by Chris Thorburn.
10:16 of 1st period - Shot Misses the Net.
10:24 of 1st period - Slapshot by Chris Bourque.
10:24 of 1st period - Stopped by Matt Tomkins with a rebound.
10:59 of 1st period - Snap shot by Phil Di Giuseppe.
10:59 of 1st period - Deflect By Patrik Nemeth.
10:59 of 1st period - Shot Misses the Net.
10:59 of 1st period - Puck is out of play.
11:00 of 1st period - Zemgus Girgensons wins face-off versus Seth Griffith in Gangsters zone.
11:03 of 1st period - Slapshot by Phil Di Giuseppe.
11:03 of 1st period - Stopped by Dustin Tokarski with a rebound.
11:05 of 1st period - Slapshot by Ian Cole.
11:05 of 1st period - Shot Misses the Net.
11:25 of 1st period - Chris Thorburn is hit by Chris Bourque and loses puck.
11:34 of 1st period - Snap shot by Richard Panik.
11:34 of 1st period - Shot Misses the Net.
12:02 of 1st period - Snap shot by Chris Thorburn.
12:02 of 1st period - Stopped by Dustin Tokarski with a rebound.
12:04 of 1st period - Slapshot by Gabriel Bourque.
12:04 of 1st period - Goal by Gabriel Bourque - Gangsters : 3 - Senators : 1.
12:05 of 1st period - Maxime Sauvé wins face-off versus Tommy Wingels in neutral zone.
12:10 of 1st period - Dave Dziurzynski is hit by Patrick Bordeleau and loses puck.
12:31 of 1st period - Marc-André Bernier is hit by Artem Anisimov and loses puck.
12:40 of 1st period - Slapshot by Richard Panik.
12:40 of 1st period - Deflect By Chris Bourque.
12:40 of 1st period - Shot Blocked by Dylan Blujus.
12:40 of 1st period - Puck is out of play.
12:41 of 1st period - Artem Anisimov wins face-off versus Jarrod Maidens in Senators zone.
13:10 of 1st period - Snap shot by Devante Smith-Pelly.
13:10 of 1st period - Stopped by Matt Tomkins with a rebound.
13:25 of 1st period - Off-side.
13:26 of 1st period - Shane Prince wins face-off versus Seth Griffith in neutral zone.
13:40 of 1st period - Off-side.
13:41 of 1st period - Artem Anisimov wins face-off versus Jarrod Maidens in neutral zone.
13:51 of 1st period - Wrist shot by Richard Panik.
13:51 of 1st period - Stopped by Matt Tomkins without a rebound.
13:52 of 1st period - Jarrod Maidens wins face-off versus Maxime Sauvé in Senators zone.
14:19 of 1st period - Arturs Kulda is hit by Chris Bourque and loses puck.
14:38 of 1st period - Patrik Nemeth is hit by Shane Prince and loses puck.
14:47 of 1st period - Colten Teubert is hit by Marc-André Bernier and loses puck.
14:58 of 1st period - Slapshot by Colten Teubert.
14:58 of 1st period - Deflect By Seth Griffith.
14:58 of 1st period - Stopped by Matt Tomkins without a rebound.
14:59 of 1st period - Zemgus Girgensons wins face-off versus Seth Griffith in Senators zone.
15:02 of 1st period - Wrist shot by Seth Griffith.
15:02 of 1st period - Stopped by Matt Tomkins with a rebound.
15:04 of 1st period - Slapshot by Jonas Brodin.
15:04 of 1st period - Deflect By Seth Griffith.
15:04 of 1st period - Shot Blocked by Dylan Blujus.
15:04 of 1st period - Puck is out of play.
15:05 of 1st period - Jarrod Maidens wins face-off versus Artem Anisimov in Senators zone.
15:40 of 1st period - Wrist shot by Devante Smith-Pelly.
15:40 of 1st period - Goal by Devante Smith-Pelly - Gangsters : 4 - Senators : 1.
15:40 of 1st period - Brad Thiessen enters game.
15:41 of 1st period - Chris Bourque wins face-off versus Jarrod Maidens in neutral zone.
15:44 of 1st period - Wrist shot by Artem Anisimov.
15:44 of 1st period - Deflect By Richard Panik.
15:44 of 1st period - Shot Misses the Net.
15:44 of 1st period - Puck is out of play.
15:45 of 1st period - Artem Anisimov wins face-off versus Jarrod Maidens in Senators zone.
17:14 of 1st period - Richard Panik is hit by Ian Cole and loses puck.
17:26 of 1st period - Colten Teubert is hit by Gabriel Bourque and loses puck.
18:19 of 1st period - Artem Anisimov is hit by Arturs Kulda.
18:41 of 1st period - Wrist shot by Richard Panik.
18:41 of 1st period - Deflect By Ryan Dzingel.
18:41 of 1st period - Shot Blocked by Arturs Kulda.
18:41 of 1st period - Puck is out of play.
18:42 of 1st period - Chris Thorburn wins face-off versus Maxime Sauvé in Senators zone.
18:58 of 1st period - Snap shot by Chris Thorburn.
18:58 of 1st period - Stopped by Dustin Tokarski with a rebound.
19:12 of 1st period - Tommy Wingels is hit by Seth Griffith and loses puck.
19:39 of 1st period - Snap shot by Tomas Jurco.
19:39 of 1st period - Goal by Tomas Jurco - Gangsters : 4 - Senators : 2.
19:40 of 1st period - Jarrod Maidens wins face-off versus Maxime Sauvé in neutral zone.
Goals for this period are 4 for Gangsters vs 2 for Senators.
Shots for this period are 13 for Gangsters vs 9 for Senators.
2nd period
0:01 of 2nd period - Maxime Sauvé wins face-off versus Jarrod Maidens in neutral zone.
0:20 of 2nd period - Devante Smith-Pelly is hit by Jarrod Maidens and loses puck.
0:53 of 2nd period - Minor Penalty to Artem Anisimov for Tripping.
0:54 of 2nd period - Brendan Woods wins face-off versus Jarrod Maidens in Gangsters zone.
1:02 of 2nd period - Slapshot by Ian Cole.
1:02 of 2nd period - Deflect By Colten Teubert.
1:02 of 2nd period - Stopped by Dustin Tokarski with a rebound.
1:04 of 2nd period - Slapshot by Arturs Kulda.
1:04 of 2nd period - Deflect By Gabriel Bourque.
1:04 of 2nd period - Goal by Gabriel Bourque - Gangsters : 4 - Senators : 3.
1:05 of 2nd period - Maxime Sauvé wins face-off versus Jarrod Maidens in neutral zone.
2:07 of 2nd period - Minor Penalty to Dylan Blujus for Elbowing.
2:08 of 2nd period - Stephane Da Costa wins face-off versus Artem Anisimov in Senators zone.
2:21 of 2nd period - Wrist shot by Gabriel Bourque.
2:21 of 2nd period - Shot Blocked by Colten Teubert.
2:23 of 2nd period - Slapshot by Arturs Kulda.
2:23 of 2nd period - Shot Misses the Net.
2:30 of 2nd period - Icing by Patrik Nemeth.
2:31 of 2nd period - Stephane Da Costa wins face-off versus Artem Anisimov in Gangsters zone.
2:36 of 2nd period - Slapshot by Stephane Da Costa.
2:36 of 2nd period - Shot Misses the Net.
2:38 of 2nd period - Slapshot by Arturs Kulda.
2:38 of 2nd period - Stopped by Dustin Tokarski with a rebound.
2:54 of 2nd period - Wrist shot by Devante Smith-Pelly.
2:54 of 2nd period - Shot Misses the Net.
3:04 of 2nd period - Arturs Kulda is hit by Dave Dziurzynski.
3:30 of 2nd period - Slapshot by Ryan Dzingel.
3:30 of 2nd period - Stopped by Dustin Tokarski without a rebound.
3:31 of 2nd period - Jarrod Maidens wins face-off versus Artem Anisimov in Gangsters zone.
3:34 of 2nd period - Snap shot by Ryan Dzingel.
3:34 of 2nd period - Shot Misses the Net.
3:44 of 2nd period - Snap shot by Chris Bourque.
3:44 of 2nd period - Stopped by Brad Thiessen without a rebound.
3:45 of 2nd period - Artem Anisimov wins face-off versus Stephane Da Costa in Senators zone.
4:00 of 2nd period - Wrist shot by Chris Bourque.
4:00 of 2nd period - Stopped by Brad Thiessen with a rebound.
4:07 of 2nd period - Penalty to Dylan Blujus is over, Dylan Blujus is back on ice.
4:07 of 2nd period - Icing by Ian Cole.
4:08 of 2nd period - Stephane Da Costa wins face-off versus Maxime Sauvé in Senators zone.
4:34 of 2nd period - Ian Cole is hit by Patrik Nemeth and loses puck.
4:57 of 2nd period - Slapshot by Tomas Hertl.
4:57 of 2nd period - Stopped by Brad Thiessen with a rebound.
5:05 of 2nd period - Slapshot by Logan Stephenson.
5:05 of 2nd period - Stopped by Dustin Tokarski with a rebound.
5:25 of 2nd period - Slapshot by Patrik Nemeth.
5:25 of 2nd period - Shot Misses the Net.
5:41 of 2nd period - Wrist shot by Tommy Wingels.
5:41 of 2nd period - Deflect By Devante Smith-Pelly.
5:41 of 2nd period - Shot Misses the Net.
5:41 of 2nd period - Puck is out of play.
5:42 of 2nd period - Chris Bourque wins face-off versus Tommy Wingels in Gangsters zone.
5:59 of 2nd period - Wrist shot by Matt Frattin.
5:59 of 2nd period - Shot Blocked by Richard Panik.
6:01 of 2nd period - Snap shot by Matt Frattin.
6:01 of 2nd period - Goal by Matt Frattin - Gangsters : 4 - Senators : 4.
6:02 of 2nd period - Chris Thorburn wins face-off versus Artem Anisimov in neutral zone.
6:11 of 2nd period - Snap shot by Chris Thorburn.
6:11 of 2nd period - Stopped by Dustin Tokarski without a rebound.
6:12 of 2nd period - Jarrod Maidens wins face-off versus Artem Anisimov in Gangsters zone.
6:21 of 2nd period - Wrist shot by Gabriel Bourque.
6:21 of 2nd period - Stopped by Dustin Tokarski with a rebound.
6:43 of 2nd period - Wrist shot by Gabriel Bourque.
6:43 of 2nd period - Shot Misses the Net.
6:45 of 2nd period - Snap shot by Gabriel Bourque.
6:45 of 2nd period - Stopped by Dustin Tokarski without a rebound.
6:46 of 2nd period - Maxime Sauvé wins face-off versus Tommy Wingels in Gangsters zone.
7:04 of 2nd period - Devante Smith-Pelly is hit by Patrick Bordeleau and loses puck.
7:17 of 2nd period - Dave Dziurzynski is hit by Zemgus Girgensons and loses puck.
7:35 of 2nd period - Off-side.
7:36 of 2nd period - Artem Anisimov wins face-off versus Shane Prince in neutral zone.
8:01 of 2nd period - Ian Cole is hit by Stefan Noesen and loses puck.
8:06 of 2nd period - Snap shot by Tomas Hertl.
8:06 of 2nd period - Shot Misses the Net.
8:08 of 2nd period - Wrist shot by Magnus Paajarvi-Svensson.
8:08 of 2nd period - Stopped by Brad Thiessen with a rebound.
8:10 of 2nd period - Wrist shot by Magnus Paajarvi-Svensson.
8:10 of 2nd period - Stopped by Brad Thiessen without a rebound.
8:11 of 2nd period - Tommy Wingels wins face-off versus Tomas Hertl in Senators zone.
9:11 of 2nd period - Patrik Nemeth is hit by Marc-André Bernier and loses puck.
10:22 of 2nd period - Snap shot by Maxime Sauvé.
10:22 of 2nd period - Shot Blocked by Logan Stephenson.
10:28 of 2nd period - Wrist shot by Dave Dziurzynski.
10:28 of 2nd period - Shot Misses the Net.
10:40 of 2nd period - Slapshot by Brendan Woods.
10:40 of 2nd period - Deflect By Seth Griffith.
10:40 of 2nd period - Shot Misses the Net.
10:40 of 2nd period - Puck is out of play.
10:41 of 2nd period - Seth Griffith wins face-off versus Jarrod Maidens in Senators zone.
10:42 of 2nd period - Slapshot by Brendan Woods.
10:42 of 2nd period - Deflect By Sebastian Collberg.
10:42 of 2nd period - Shot Blocked by Olli Maatta.
10:42 of 2nd period - Puck is out of play.
10:43 of 2nd period - Seth Griffith wins face-off versus Jarrod Maidens in Senators zone.
10:44 of 2nd period - Slapshot by Brendan Woods.
10:44 of 2nd period - Stopped by Brad Thiessen with a rebound.
10:52 of 2nd period - Slapshot by Seth Griffith.
10:52 of 2nd period - Stopped by Brad Thiessen with a rebound.
10:58 of 2nd period - Sebastian Collberg is hit by Chris Thorburn and loses puck.
11:34 of 2nd period - Chris Bourque is hit by Patrick Bordeleau and loses puck.
12:14 of 2nd period - Off-side.
12:15 of 2nd period - Jarrod Maidens wins face-off versus Tomas Hertl in neutral zone.
12:40 of 2nd period - Slapshot by Logan Stephenson.
12:40 of 2nd period - Shot Blocked by Colten Teubert.
12:48 of 2nd period - Snap shot by Richard Panik.
12:48 of 2nd period - Stopped by Brad Thiessen without a rebound.
12:49 of 2nd period - Shane Prince wins face-off versus Maxime Sauvé in Senators zone.
13:01 of 2nd period - Ian Cole is hit by Michael Sdao and loses puck.
13:16 of 2nd period - Arturs Kulda is hit by Michael Sdao and loses puck.
13:41 of 2nd period - Wrist shot by Magnus Paajarvi-Svensson.
13:41 of 2nd period - Deflect By Tomas Hertl.
13:41 of 2nd period - Shot Misses the Net.
13:41 of 2nd period - Puck is out of play.
13:42 of 2nd period - Tommy Wingels wins face-off versus Maxime Sauvé in Senators zone.
13:42 of 2nd period - Tommy Wingels is hit by Devante Smith-Pelly.
13:48 of 2nd period - Snap shot by Patrick Bordeleau.
13:48 of 2nd period - Stopped by Dustin Tokarski without a rebound.
13:49 of 2nd period - Maxime Sauvé wins face-off versus Tommy Wingels in Gangsters zone.
13:51 of 2nd period - Minor Penalty to Colten Teubert for Hooking.
13:52 of 2nd period - Jarrod Maidens wins face-off versus Artem Anisimov in Gangsters zone.
14:08 of 2nd period - Slapshot by Chris Thorburn.
14:08 of 2nd period - Shot Misses the Net.
15:13 of 2nd period - Patrick Bordeleau is hit by Magnus Paajarvi-Svensson and loses puck.
15:47 of 2nd period - Michael Sdao is hit by Gabriel Bourque and loses puck.
15:51 of 2nd period - Penalty to Colten Teubert is over, Colten Teubert is back on ice.
16:21 of 2nd period - Slapshot by Tomas Jurco.
16:21 of 2nd period - Shot Misses the Net.
16:29 of 2nd period - Snap shot by Phil Di Giuseppe.
16:29 of 2nd period - Shot Blocked by Brendan Woods.
16:45 of 2nd period - Slapshot by Tomas Hertl.
16:45 of 2nd period - Goal by Tomas Hertl - Gangsters : 5 - Senators : 4.
16:46 of 2nd period - Jarrod Maidens wins face-off versus Artem Anisimov in neutral zone.
16:55 of 2nd period - Chris Bourque is hit by Gabriel Bourque and loses puck.
17:22 of 2nd period - Wrist shot by Matt Frattin.
17:22 of 2nd period - Shot Misses the Net.
17:54 of 2nd period - Sebastian Collberg is hit by Tomas Jurco and loses puck.
17:58 of 2nd period - Icing by Patrik Nemeth.
17:59 of 2nd period - Zemgus Girgensons wins face-off versus Seth Griffith in Gangsters zone.
18:00 of 2nd period - Snap shot by Phil Di Giuseppe.
18:00 of 2nd period - Shot Misses the Net.
18:02 of 2nd period - Snap shot by Phil Di Giuseppe.
18:02 of 2nd period - Shot Misses the Net.
18:04 of 2nd period - Slapshot by Dylan Blujus.
18:04 of 2nd period - Shot Misses the Net.
18:22 of 2nd period - Dylan Blujus is hit by Derrick Pouliot and loses puck.
18:29 of 2nd period - Wrist shot by Arturs Kulda.
18:29 of 2nd period - Stopped by Dustin Tokarski without a rebound.
18:30 of 2nd period - Artem Anisimov wins face-off versus Jarrod Maidens in Gangsters zone.
19:08 of 2nd period - Minor Penalty to Arturs Kulda for Holding.
19:09 of 2nd period - Stephane Da Costa wins face-off versus Artem Anisimov in Senators zone.
19:44 of 2nd period - Snap shot by Devante Smith-Pelly.
19:44 of 2nd period - Shot Misses the Net.
19:46 of 2nd period - Snap shot by Dave Dziurzynski.
19:46 of 2nd period - Shot Misses the Net.
19:48 of 2nd period - Snap shot by Devante Smith-Pelly.
19:48 of 2nd period - Shot Misses the Net.
Goals for this period are 1 for Gangsters vs 2 for Senators.
Shots for this period are 9 for Gangsters vs 11 for Senators.
3rd period
0:01 of 3rd period - Stephane Da Costa wins face-off versus Chris Bourque in neutral zone.
1:08 of 3rd period - Penalty to Arturs Kulda is over, Arturs Kulda is back on ice.
1:27 of 3rd period - Ryan Dzingel is hit by Magnus Paajarvi-Svensson and loses puck.
1:40 of 3rd period - Snap shot by Seth Griffith.
1:40 of 3rd period - Shot Blocked by Arturs Kulda.
2:03 of 3rd period - Wrist shot by Dave Dziurzynski.
2:03 of 3rd period - Deflect By Devante Smith-Pelly.
2:03 of 3rd period - Shot Misses the Net.
2:03 of 3rd period - Puck is out of play.
2:04 of 3rd period - Zemgus Girgensons wins face-off versus Maxime Sauvé in Senators zone.
2:04 of 3rd period - Zemgus Girgensons is hit by Maxime Sauvé.
2:16 of 3rd period - Snap shot by Phil Di Giuseppe.
2:16 of 3rd period - Shot Misses the Net.
2:24 of 3rd period - Jeff Petry is hit by Dave Dziurzynski and loses puck.
2:31 of 3rd period - Slapshot by Devante Smith-Pelly.
2:31 of 3rd period - Shot Misses the Net.
2:33 of 3rd period - Backhand shot by Morgan Ellis.
2:33 of 3rd period - Shot Misses the Net.
2:35 of 3rd period - Wrist shot by Dave Dziurzynski.
2:35 of 3rd period - Stopped by Brad Thiessen with a rebound.
2:37 of 3rd period - Wrist shot by Michael Sdao.
2:37 of 3rd period - Shot Blocked by Jeff Petry.
2:47 of 3rd period - Snap shot by Dave Dziurzynski.
2:47 of 3rd period - Shot Blocked by Jeff Petry.
2:49 of 3rd period - Wrist shot by Devante Smith-Pelly.
2:49 of 3rd period - Stopped by Brad Thiessen without a rebound.
2:50 of 3rd period - Jarrod Maidens wins face-off versus Artem Anisimov in Senators zone.
2:50 of 3rd period - Jarrod Maidens is hit by Chris Bourque.
3:01 of 3rd period - Slapshot by Chris Thorburn.
3:01 of 3rd period - Deflect By Gabriel Bourque.
3:01 of 3rd period - Shot Blocked by Chris Bourque.
3:01 of 3rd period - Puck is out of play.
3:02 of 3rd period - Jarrod Maidens wins face-off versus Artem Anisimov in Gangsters zone.
3:12 of 3rd period - Patrik Nemeth is hit by Ian Cole and loses puck.
3:27 of 3rd period - Ian Cole is hit by Magnus Paajarvi-Svensson and loses puck.
3:44 of 3rd period - Minor Penalty to Patrick Bordeleau for Roughing.
3:45 of 3rd period - Artem Anisimov wins face-off versus Stephane Da Costa in Senators zone.
4:15 of 3rd period - Wrist shot by Devante Smith-Pelly.
4:15 of 3rd period - Shot Misses the Net.
4:17 of 3rd period - Snap shot by Dave Dziurzynski.
4:17 of 3rd period - Stopped by Brad Thiessen without a rebound.
4:18 of 3rd period - Chris Thorburn wins face-off versus Artem Anisimov in Senators zone.
4:27 of 3rd period - Slapshot by Patrik Nemeth.
4:27 of 3rd period - Deflect By Richard Panik.
4:27 of 3rd period - Stopped by Brad Thiessen with a rebound.
4:29 of 3rd period - Slapshot by Chris Bourque.
4:29 of 3rd period - Goal by Chris Bourque - Gangsters : 6 - Senators : 4.
4:30 of 3rd period - Jarrod Maidens wins face-off versus Artem Anisimov in neutral zone.
4:39 of 3rd period - Slapshot by Gabriel Bourque.
4:39 of 3rd period - Stopped by Dustin Tokarski with a rebound.
4:55 of 3rd period - Patrik Nemeth is hit by Arturs Kulda and loses puck.
5:00 of 3rd period - Snap shot by Tommy Wingels.
5:00 of 3rd period - Shot Hit the Post.
5:02 of 3rd period - Snap shot by Arturs Kulda.
5:02 of 3rd period - Stopped by Dustin Tokarski with a rebound.
5:04 of 3rd period - Wrist shot by Matt Frattin.
5:04 of 3rd period - Shot Hit the Post.
5:59 of 3rd period - Snap shot by Chris Bourque.
5:59 of 3rd period - Shot Blocked by Logan Stephenson.
6:01 of 3rd period - Snap shot by Chris Bourque.
6:01 of 3rd period - Stopped by Brad Thiessen without a rebound.
6:02 of 3rd period - Artem Anisimov wins face-off versus Jarrod Maidens in Senators zone.
6:13 of 3rd period - Snap shot by Gabriel Bourque.
6:13 of 3rd period - Shot Blocked by Morgan Ellis.
6:15 of 3rd period - Backhand shot by Ian Cole.
6:15 of 3rd period - Deflect By Gabriel Bourque.
6:15 of 3rd period - Shot Misses the Net.
6:15 of 3rd period - Puck is out of play.
6:16 of 3rd period - Jarrod Maidens wins face-off versus Chris Bourque in Gangsters zone.
6:21 of 3rd period - Snap shot by Gabriel Bourque.
6:21 of 3rd period - Shot Misses the Net.
6:23 of 3rd period - Minor Penalty to Michael Sdao for Close Hand On Puck.
6:24 of 3rd period - Jarrod Maidens wins face-off versus Artem Anisimov in Gangsters zone.
6:25 of 3rd period - Slapshot by Gabriel Bourque.
6:25 of 3rd period - Goal by Gabriel Bourque - Gangsters : 6 - Senators : 5.
6:26 of 3rd period - Artem Anisimov wins face-off versus Jarrod Maidens in neutral zone.
6:45 of 3rd period - Gabriel Bourque is hit by Richard Panik and loses puck.
6:52 of 3rd period - Jarrod Maidens is hit by Patrik Nemeth and loses puck.
7:05 of 3rd period - Wrist shot by Chris Thorburn.
7:05 of 3rd period - Shot Misses the Net.
7:07 of 3rd period - Wrist shot by Gabriel Bourque.
7:07 of 3rd period - Stopped by Dustin Tokarski without a rebound.
7:08 of 3rd period - Tommy Wingels wins face-off versus Maxime Sauvé in Gangsters zone.
7:21 of 3rd period - Snap shot by Patrick Bordeleau.
7:21 of 3rd period - Shot Misses the Net.
7:23 of 3rd period - Wrist shot by Tommy Wingels.
7:23 of 3rd period - Goal by Tommy Wingels - Gangsters : 6 - Senators : 6.
7:24 of 3rd period - Jarrod Maidens wins face-off versus Artem Anisimov in neutral zone.
8:09 of 3rd period - Snap shot by Patrik Nemeth.
8:09 of 3rd period - Stopped by Brad Thiessen with a rebound.
8:11 of 3rd period - Slapshot by Magnus Paajarvi-Svensson.
8:11 of 3rd period - Goal by Magnus Paajarvi-Svensson - Gangsters : 7 - Senators : 6.
8:12 of 3rd period - Jarrod Maidens wins face-off versus Artem Anisimov in neutral zone.
8:27 of 3rd period - Snap shot by Artem Anisimov.
8:27 of 3rd period - Shot Misses the Net.
8:39 of 3rd period - Tommy Wingels is hit by Maxime Sauvé and loses puck.
9:06 of 3rd period - Wrist shot by Marc-André Bernier.
9:06 of 3rd period - Stopped by Dustin Tokarski with a rebound.
9:08 of 3rd period - Snap shot by Olli Maatta.
9:08 of 3rd period - Stopped by Dustin Tokarski with a rebound.
9:10 of 3rd period - Wrist shot by Shane Prince.
9:10 of 3rd period - Shot Blocked by Magnus Paajarvi-Svensson.
9:22 of 3rd period - Snap shot by Michael Sdao.
9:22 of 3rd period - Shot Misses the Net.
9:42 of 3rd period - Slapshot by Maxime Sauvé.
9:42 of 3rd period - Shot Blocked by Tomas Jurco.
9:56 of 3rd period - Wrist shot by Tomas Jurco.
9:56 of 3rd period - Stopped by Dustin Tokarski with a rebound.
9:58 of 3rd period - Slapshot by Zemgus Girgensons.
9:58 of 3rd period - Shot Misses the Net.
10:02 of 3rd period - Slapshot by Tomas Jurco.
10:02 of 3rd period - Stopped by Dustin Tokarski with a rebound.
10:04 of 3rd period - Slapshot by Dylan Blujus.
10:04 of 3rd period - Stopped by Dustin Tokarski with a rebound.
10:14 of 3rd period - Wrist shot by Zemgus Girgensons.
10:14 of 3rd period - Stopped by Dustin Tokarski with a rebound.
10:16 of 3rd period - Snap shot by Dylan Blujus.
10:16 of 3rd period - Stopped by Dustin Tokarski without a rebound.
10:17 of 3rd period - Maxime Sauvé wins face-off versus Jarrod Maidens in Gangsters zone.
10:19 of 3rd period - Minor Penalty to Jonas Brodin for Hooking.
10:20 of 3rd period - Jarrod Maidens wins face-off versus Artem Anisimov in Gangsters zone.
10:20 of 3rd period - Backhand shot by Gabriel Bourque.
10:20 of 3rd period - Shot Misses the Net.
10:22 of 3rd period - Snap shot by Gabriel Bourque.
10:22 of 3rd period - Shot Misses the Net.
10:24 of 3rd period - Slapshot by Arturs Kulda.
10:24 of 3rd period - Stopped by Dustin Tokarski with a rebound.
10:26 of 3rd period - Slapshot by Arturs Kulda.
10:26 of 3rd period - Goal by Arturs Kulda - Gangsters : 7 - Senators : 7.
10:27 of 3rd period - Jarrod Maidens wins face-off versus Artem Anisimov in neutral zone.
11:10 of 3rd period - Minor Penalty to Jarrod Maidens for Roughing.
11:11 of 3rd period - Artem Anisimov wins face-off versus Stephane Da Costa in Senators zone.
13:10 of 3rd period - Penalty to Jarrod Maidens is over, Jarrod Maidens is back on ice.
14:04 of 3rd period - Stefan Noesen is hit by Phil Di Giuseppe and loses puck.
14:34 of 3rd period - Snap shot by Gabriel Bourque.
14:34 of 3rd period - Shot Misses the Net.
15:50 of 3rd period - Michael Sdao is hit by Jarrod Maidens and loses puck.
16:17 of 3rd period - Wrist shot by Ryan Dzingel.
16:17 of 3rd period - Shot Blocked by Michael Sdao.
16:23 of 3rd period - Minor Penalty to Seth Griffith for Hooking.
16:24 of 3rd period - Chris Thorburn wins face-off versus Artem Anisimov in Gangsters zone.
16:42 of 3rd period - Minor Penalty to Gabriel Bourque for Tripping.
16:43 of 3rd period - Artem Anisimov wins face-off versus Jarrod Maidens in Senators zone.
16:56 of 3rd period - Slapshot by Chris Bourque.
16:56 of 3rd period - Stopped by Brad Thiessen without a rebound.
16:57 of 3rd period - Artem Anisimov wins face-off versus Jarrod Maidens in Senators zone.
17:02 of 3rd period - Slapshot by Artem Anisimov.
17:02 of 3rd period - Shot Misses the Net.
18:23 of 3rd period - Penalty to Seth Griffith is over, Seth Griffith is back on ice.
18:24 of 3rd period - Icing by Tomas Hertl.
18:25 of 3rd period - Tomas Hertl wins face-off versus Stephane Da Costa in Gangsters zone.
18:25 of 3rd period - Tomas Hertl is hit by Arturs Kulda.
18:42 of 3rd period - Penalty to Gabriel Bourque is over, Gabriel Bourque is back on ice.
18:45 of 3rd period - Wrist shot by Tomas Hertl.
18:45 of 3rd period - Deflect By Stephane Da Costa.
18:45 of 3rd period - Shot Misses the Net.
18:45 of 3rd period - Puck is out of play.
18:46 of 3rd period - Tommy Wingels wins face-off versus Chris Bourque in Senators zone.
18:51 of 3rd period - Richard Panik is hit by Patrick Bordeleau and loses puck.
19:00 of 3rd period - Snap shot by Chris Bourque.
19:00 of 3rd period - Stopped by Brad Thiessen without a rebound.
19:01 of 3rd period - Shane Prince wins face-off versus Tomas Hertl in Senators zone.
19:01 of 3rd period - Shane Prince is hit by Colten Teubert.
19:06 of 3rd period - Arturs Kulda is hit by Colten Teubert and loses puck.
19:27 of 3rd period - Ian Cole is hit by Maxime Sauvé and loses puck.
19:34 of 3rd period - Slapshot by Dave Dziurzynski.
19:34 of 3rd period - Shot Blocked by Ian Cole.
19:36 of 3rd period - Slapshot by Colten Teubert.
19:36 of 3rd period - Deflect By Devante Smith-Pelly.
19:36 of 3rd period - Stopped by Brad Thiessen with a rebound.
19:38 of 3rd period - Snap shot by Devante Smith-Pelly.
19:38 of 3rd period - Goal by Devante Smith-Pelly - Gangsters : 8 - Senators : 7.
19:39 of 3rd period - Stephane Da Costa wins face-off versus Artem Anisimov in neutral zone.
19:42 of 3rd period - Senators, Brad Thiessen is pulled from the net.
Goals for this period are 3 for Gangsters vs 3 for Senators.
Shots for this period are 12 for Gangsters vs 14 for Senators.
Back to the Top